 Dungeon Crawl Stone Soup version 0.29.1-15-g9cfb28693d (webtiles) character file.

Game seed: 12551798100199007388

50 LustLizard the Ruffian (level 3, 0/28 HPs)
             Began as a Demigod Transmuter on Mar 27, 2023.
             Slain by an adder (2 damage)
             ... on level 2 of the Dungeon.
             The game lasted 00:01:55 (1592 turns).

LustLizard the Ruffian (Demigod Transmuter)         Turns: 1592, Time: 00:01:56

Health: 0/28       AC:  2    Str: 15    XL:     3   Next: 35%
Magic:  5/8        EV: 12    Int: 15    God:
Gold:   28         SH:  0    Dex: 14    Spells: 3/6 levels left

rFire   . . .      SeeInvis .     - Unarmed
rCold   . . .      Faith    .   (no shield)
rNeg    . . .      Spirit   .   a - +0 robe
rPois   .          Reflect  .   (helmet currently unavailable)
rElec   .          Harm     .   (no cloak)
rCorr   .          Rampage  .   (no gloves)
Will    .....                   (boots currently unavailable)
Stlth   +.........              (no amulet)
HPRegen 0.09/turn               j - ring of flight
MPRegen 0.11/turn               (no ring)

@: lethally poisoned (0 -> -17), appendages, wereblooded, flying
A: horns 2, talons 2, high MP 1, forlorn, divine attributes
a: End Transformation


You were on level 2 of the Dungeon.
You had temporarily grown beastly horns and talons.
You visited 1 branch of the dungeon, and saw 2 of its levels.

You collected 28 gold pieces.

Inventory:

Armour
 a - a +0 robe (worn)
 e - a +0 pair of boots (melded)
Jewellery
 j - a ring of flight (left hand)
Scrolls
 c - 2 scrolls of poison {unknown}
 d - a scroll of blinking {unknown}
 f - a scroll of brand weapon {unknown}
 h - a scroll of amnesia {unknown}
 i - a scroll of vulnerability {unknown}
 k - a scroll of magic mapping {unknown}
 l - a scroll of immolation {unknown}
Potions
 b - a potion of lignification
 g - a potion of curing {unknown}
 m - a potion of mutation {unknown}


   Skills:
 + Level 1.4 Fighting
 - Level 1.7 Dodging
 * Level 3.2 Unarmed Combat
 + Level 2.0 Spellcasting
 * Level 2.5 Transmutations


You had 3 spell levels left.
You knew the following spells:

 Your Spells              Type           Power      Damage    Failure   Level
a - Beastly Appendage     Tmut           18%        N/A       8%          1
b - Wereblood             Tmut           9%         N/A       12%         2

Your spell library contained the following spells:

 Spells                   Type           Power      Damage    Failure   Level
 Apportation              Tloc           2%         N/A       22%         1
 Necrotise                Necr           4%         1d4       22%         1
 Slow                     Hex            4%         N/A       22%         1
 Summon Small Mammal      Summ           4%         N/A       22%         1
 Spider Form              Tmut/Pois      5%         N/A       36%         3
 Confusing Touch          Hex            1%         N/A       54%         3
 Vampiric Draining        Necr           1%         2d6       54%         3
 Ice Form                 Ice/Tmut       5%         N/A       78%         4


Dungeon Overview and Level Annotations

Branches:
Dungeon (2/15)


Innate Abilities, Weirdness & Mutations

You have temporarily grown beastly horns and talons.
You have an increased reservoir of magic. (+10% MP)
You shall have no god before yourself.
Your divine heritage dramatically boosts your attributes as you level up.


Message History

The adder bites you. The adder bites you but does no damage.
The bat barely misses you.
You miss the adder. Your headbutt misses the adder.
The adder is moderately wounded.
The bat closely misses you. The bat hits you but does no damage.
The adder closely misses you. The adder bites you.
You are poisoned.
The adder poisons you! The adder completely misses you.
You barely miss the adder.
The adder is moderately wounded.
You feel sick. The bat hits you but does no damage. The adder bites you.
You are more poisoned.
The adder poisons you! The adder bites you.
You completely miss the adder. Your kick misses the adder.
Your headbutt misses the adder.
The adder is moderately wounded.
You feel sick. The bat misses you. The adder bites you.
You are more poisoned.
The adder poisons you! The bat hits you but does no damage.
The adder bites you.
You miss the adder. Your kick misses the adder.
The adder is moderately wounded.
You feel very sick. The bat hits you but does no damage. The adder misses you.
The adder barely misses you. x2
You hit the adder. Your kick misses the adder. You headbutt the adder.
The adder is severely wounded.
You feel sick. The bat hits you but does no damage. The adder bites you.
* * * LOW HITPOINT WARNING * * *
You are more poisoned.
The adder poisons you! The adder bites you.
* * * LOW HITPOINT WARNING * * *
You are more poisoned.
The adder poisons you!
You hit the adder but do no damage. Your kick misses the adder.
The adder is severely wounded.
* * * LOW HITPOINT WARNING * * *
You feel very sick. The bat misses you. The adder closely misses you.
The adder bites you.
You die...

.........# ######
.........# .....#
.........# .. .....#
.........# .... .....#
......b.?# .... .....#
.........###.... .....#
......S......# .....#
......S@.....# ..###..#
########.....# ......#
#.....# ....>.#
#.....####### #########
#...........# ..†.....#
###.........# ..#####.#
#.........# ..#
#†###########.........#
..#
#............)........#


You could see 2 adders and a bat.

Vanquished Creatures
  2 adders (D:2)
  5 orcs (D:2)
  3 endoplasms
  A giant cockroach (D:1)
  4 hobgoblins
  A kobold (D:1)
  2 quokkas
  A bat (D:1)
  A frilled lizard (D:1)
  2 goblins
  3 rats
25 creatures vanquished.

Notes
Turn   | Place    | Note
-------+----------+-------------------------------------------
     0 | D:1      | LustLizard the Demigod Transmuter began the quest for the
                  | Orb.
     0 | D:1      | Reached XP level 1. HP: 15/15 MP: 5/5
   323 | D:1      | Reached skill level 1 in Fighting
   714 | D:1      | Reached XP level 2. HP: 21/23 MP: 5/7
   717 | D:1      | Learned a level 2 spell: Wereblood
   963 | D:2      | Reached skill level 3 in Unarmed Combat
  1223 | D:2      | Reached XP level 3. HP: 8/28 MP: 4/8
  1592 | D:2      | Slain by an adder

Illustrated notes

Levels and vault maps discovered:
D:1:      dpeg_arrival_leaves_temple_mockup, layout_basic,
          basic_ecumenical_altar
D:2:      layout_basic, serial_shops, shop, serial_park_tiny_1

Skill      XL: |  1  2 |
---------------+-------+-----
Fighting       | 1 |  1.4
Transmutations | 2 |  2.5
Unarmed Combat | 3 |  3.2
Spellcasting   | 2 |  2.0
Dodging        | |  1.7

Action                   || total
-------------------------++-------
Melee: Unarmed           ||    68
       Headbutt          ||    17
       Kick              ||    12
       Punch             ||     2
 Cast: Beastly Appendage ||    20
       Wereblood         ||     1
 Stab: Sleeping          ||     3
Armor: Robe              ||    13
Dodge: Dodged            ||    39
